 Dungeon Crawl Stone Soup version 0.18-a0-1180-g64ccc1e (webtiles) character file.

1295 Minkie the Cleaver (level 8, 66/71 HPs)
             Began as a Minotaur Berserker on Jan 27, 2016.
             Was an Elder of Trog.
             Quit the game on level 6 of the Dungeon.
             The game lasted 00:14:57 (4382 turns).

Minkie the Cleaver (Minotaur Berserker)             Turns: 4382, Time: 00:14:57

Health: 66/71      AC: 17    Str: 21    XL:     8   Next: 30%
Magic:  7/7        EV:  8    Int:  2    God:    Trog [****..]
Gold:   209        SH:  0    Dex: 11    Spells: 0 memorised, 7 levels left

rFire  . . .     SeeInvis .     u - +2 hand axe (freeze)
rCold  . . .     Gourm    .     m - +0 plate armour
rNeg   . . .     Faith    .     (no shield)
rPois  .         Spirit   .     (helmet restricted)
rElec  .         Dismiss  .     (no cloak)
rCorr  .         Reflect  .     j - +0 pair of gloves
SustAt +         Harm     .     s - +2 pair of boots
MR     .....                    (no amulet)
Stlth  ..........               (no ring)
                                h - ring of sustain attributes

@: not resistant to hostile enchantments, extremely unstealthy
A: retaliatory headbutt, horns 2, deterioration 1, dopey 1, high mp 1, weak 1
a: Berserk, Trog's Hand, Brothers in Arms, Burn Spellbooks, Renounce Religion


You were on level 6 of the Dungeon.
You worshipped Trog.
Trog was greatly pleased with you.
You were not hungry.

You visited 1 branch of the dungeon, and saw 6 of its levels.

You collected 209 gold pieces.

Inventory:

Hand Weapons
 u - a +2 hand axe of freezing (weapon)
 y - a +0 shortbow
Missiles
 p - 12 bolts of flame
 w - 72 arrows
 x - 16 poisoned arrows
 z - 22 bolts
Armour
 j - a +0 pair of gloves (worn)
 l - a +2 leather armour of fire resistance
 m - a +0 plate armour (worn)
 s - a +2 pair of boots (worn)
Jewellery
 h - a ring of sustain attributes (left hand)
 o - an uncursed ring of protection from fire {unknown}
Wands
 F - a wand of paralysis (7/24)
Scrolls
 b - a scroll of immolation {unknown}
 d - 4 scrolls of remove curse {unknown}
 g - 8 scrolls of identify {unknown}
 i - 4 scrolls of teleportation {unknown}
 n - 3 scrolls of enchant armour {unknown}
 B - a scroll of fog {unknown}
 D - 2 scrolls of noise {unknown}
Potions
 e - a potion of agility {unknown}
 f - 2 potions of flight {unknown}
 k - 2 potions of might {unknown}
 q - 2 potions of cure mutation {unknown}
 t - 2 potions of curing {unknown}
 v - 3 potions of berserk rage {unknown}
 A - a potion of invisibility {unknown}
 C - a potion of lignification {unknown}
Comestibles
 a - 5 chunks of flesh
 c - 2 bread rations
 r - 8 fruits
 E - a meat ration


   Skills:
 + Level 6.4 Fighting
 * Level 8.5 Axes
 + Level 5.9 Armour
 + Level 5.3 Dodging


You had 7 spell levels left.
You didn't know any spells.

Dungeon Overview and Level Annotations

Branches:
Dungeon (6/15)             Temple (0/1) D:5

Altars:
Gozag
Pakellas
Ru
Vehumet

Annotations:
D:4 Wallaby3's ghost, amateur OgCK


Innate Abilities, Weirdness & Mutations

You reflexively headbutt those who attack you in melee.
You have a pair of horns on your head.
Your body sometimes deteriorates upon taking damage.
You are dopey. (Int -2)
You have an increased reservoir of magic (+10% MP).
You are weak. (Str -2)


Message History

Butcher an orc corpse? [(y)es/(c)hoosy/(n)o/(a)ll/(e)dible/(q)uit/?]
You butcher the orc corpse. x3
You butcher the sky beast corpse.
a - 2 chunks of flesh;
a - 4 chunks of flesh (gained 2)
a - 5 chunks of flesh (gained 1)
Items here: % ))))) [[[ รทรทรท
G - 4 mutagenic chunks of flesh Eat which item? (? for menu, Esc to quit)
This meat tastes really weird.
You feel more energetic.
Eat which item? (? for menu, Esc to quit)
This meat tastes really weird.
You feel weaker.
Eat which item? (? for menu, Esc to quit)
This meat tastes really weird.
You feel yourself wasting away.
Eat which item? (? for menu, Esc to quit)
This meat tastes really weird.
You feel stupid.
Are you sure you want to abandon this character and quit the game? (Confirm with "yes".)

###.. #...
#... #...
#..## #... ##
...###!.##..##
.......).....#
....###@###..#
. #<# #.# #.#
#.. ... ...#
.... #..#.


There were no monsters in sight!

Vanquished Creatures
  An orc warrior (D:6)
  A sky beast (D:6)
  An ice beast (D:4)
  4 ogres
  A centaur (D:4)
  A big kobold (D:6)
  A giant frog zombie (D:5)
  A crimson imp (D:3)
  A hound (D:4)
  Terence (D:2)
  3 iguanas
  3 worker ants
  An orc wizard (D:6)
  2 hound skeletons (D:4)
  5 adders
  4 gnolls (D:4)
  A shadow imp (D:5)
  2 oozes
  2 adder skeletons (D:5)
  A worm (D:3)
  3 giant geckos
  10 orcs
  14 bats
  5 giant cockroaches
  8 goblins
  10 hobgoblins
  3 jackals (D:4)
  11 kobolds
  2 quokkas (D:3)
  A ball python (D:4)
  A giant gecko skeleton (D:4)
  4 giant newts
  A quokka skeleton (D:4)
  6 rats
116 creatures vanquished.

Vanquished Creatures (others)
  A lightning spire (D:3)
  2 bushes (D:3)
3 creatures vanquished.

Grand Total: 119 creatures vanquished

Notes
Turn   | Place    | Note
--------------------------------------------------------------
     0 | D:1      | Minkie the Minotaur Berserker began the quest for the Orb.
     0 | D:1      | Reached XP level 1. HP: 19/19 MP: 0/0
   177 | D:1      | Reached skill level 4 in Axes
   222 | D:1      | Reached XP level 2. HP: 27/27 MP: 1/1
   499 | D:1      | Reached ** piety under Trog
   682 | D:2      | Reached XP level 3. HP: 33/33 MP: 2/2
   730 | D:2      | Noticed Terence
  1035 | D:2      | Reached XP level 4. HP: 40/40 MP: 3/3
  1060 | D:2      | Reached skill level 5 in Axes
  1332 | D:2      | Killed Terence
  1377 | D:2      | Reached *** piety under Trog
  1551 | D:3      | Found an oddly glowing altar of Pakellas.
  1552 | D:3      | Noticed a cyclops
  1579 | D:3      | Reached XP level 5. HP: 46/46 MP: 4/4
  1580 | D:3      | Found an opulent altar of Gozag.
  1848 | D:4      | Noticed Wallaby3's ghost (amateur OgCK)
  2400 | D:4      | Noticed a centaur
  2415 | D:4      | Killed a centaur
  2415 | D:4      | Reached skill level 6 in Axes
  2444 | D:4      | Reached XP level 6. HP: 42/53 MP: 5/5
  2517 | D:4      | Found a sacrificial altar of Ru.
  2818 | D:4      | Reached skill level 5 in Fighting
  3208 | D:4      | Found a radiant altar of Vehumet.
  3360 | D:5      | Entered Level 5 of the Dungeon
  3364 | D:5      | Noticed an ice beast
  3385 | D:4      | Reached XP level 7. HP: 45/61 MP: 6/6
  3396 | D:4      | Reached skill level 7 in Axes
  3662 | D:5      | Reached skill level 5 in Armour
  3677 | D:5      | Found a staircase to the Ecumenical Temple.
  4124 | D:5      | Reached skill level 8 in Axes
  4124 | D:5      | Reached skill level 5 in Dodging
  4124 | D:5      | Reached XP level 8. HP: 70/70 MP: 7/7
  4250 | D:6      | Reached **** piety under Trog
  4378 | D:6      | Gained mutation: You have an increased reservoir of magic (+10% MP). [mutagenic meat]
  4379 | D:6      | Gained mutation: You are weak. (Str -2) [mutagenic meat]
  4380 | D:6      | Gained mutation: Your body sometimes deteriorates upon taking damage. [mutagenic meat]
  4381 | D:6      | Gained mutation: You are dopey. (Int -2) [mutagenic meat]
  4382 | D:6      | Quit the game

Vault maps used:
D:1:      minmay_arrival_hallway
D:2:      minmay_misc_feat_columns, uniq_terence
D:3:      old_standard_altar, first_bread, hangedman_decor_lopped,
          gammafunk_pakellas_spire_experiment
D:4:      nicolae_overflow_crystal_walls, vehumet_crystals,
          minmay_misc_feat_hallway
D:5:      minmay_temple_entry_trees
D:6:      kennysheep_steamy, lemuel_doored_altar, basic_altar, uniq_duvessa

Action                   |  1- 3 |  4- 6 |  7- 9 || total
-------------------------+-------+-------+-------++-------
Melee: Hand axe          |    77 |   154 |    84 ||   315
 Stab: Sleeping          |     1 |       |       ||     1
  Eat: Chunk             |       |     8 |     7 ||    15
